 Dungeon Crawl Stone Soup version 0.17.1-2-g5865329 (webtiles) character file.

665 Moresty the Cudgeler (level 7, -2/62 HPs)
             Began as a Minotaur Berserker on Jan 12, 2016.
             Was a Priest of Trog.
             Slain by zigs's ghost (3 damage)
             ... on level 6 of the Dungeon.
             The game lasted 00:14:28 (3687 turns).

Moresty the Cudgeler (Minotaur Berserker)           Turns: 3687, Time: 00:14:28

Health: -2/62      AC:  9    Str: 23    XL:     7   Next: 31%
Magic:  6/6        EV:  8    Int:  4    God:    Trog [***...]
Gold:   198        SH:  0    Dex: 10    Spells: 0 memorised, 6 levels left

rFire  . . .     SeeInvis +     a - +0 mace
rCold  . . .     Clarity  .     w - +0 chain mail
rNeg   . . .     SustAt   .     (no shield)
rPois  .         Gourm    .     (helmet restricted)
rElec  .         Spirit   .     (no cloak)
rCorr  .         Warding  .     (no gloves)
rMut   .         Stasis   +     (no boots)
MR     +....                    B - amulet of stasis
Stlth  ..........               M - ring of see invisible
                                I - ring of protection from magic

@: somewhat resistant to hostile enchantments, extremely unstealthy
A: retaliatory headbutt, horns 2
a: Berserk, Trog's Hand, Burn Spellbooks, Renounce Religion


You were on level 6 of the Dungeon.
You worshipped Trog.
Trog was most pleased with you.
You were very hungry.

You visited 1 branch of the dungeon, and saw 6 of its levels.

You collected 231 gold pieces.
You spent 33 gold pieces at shops.

Inventory:

Hand Weapons
 a - a +0 mace (weapon)
Missiles
 O - 3 silver tomahawks (quivered)
Armour
 b - a +0 animal skin
 m - a +0 ring mail
 w - a +0 chain mail (worn)
Jewellery
 i - an uncursed ring of loudness
 z - an uncursed ring of stealth
 B - an amulet of stasis (around neck)
 C - an uncursed ring of positive energy
 H - an uncursed ring of magical power
 I - a ring of protection from magic (left hand)
 K - an uncursed ring of sustain attributes
 M - a ring of see invisible (right hand)
Wands
 t - a wand of frost (27)
 x - a wand of fireball (2)
 Q - a wand of disintegration (12)
Scrolls
 g - 3 scrolls of enchant weapon {unknown}
 h - 8 scrolls of identify
 k - a scroll of blinking {unknown}
 o - a scroll of recharging {unknown}
 p - 2 scrolls of magic mapping {unknown}
 q - 3 scrolls of remove curse
 s - a scroll of fog {unknown}
 u - a scroll of enchant armour {unknown}
 v - a scroll of amnesia {unknown}
 R - a scroll of immolation {unknown}
 S - a scroll of noise {unknown}
Potions
 d - a potion of might {unknown}
 e - 2 potions of curing {unknown}
 j - a potion of mutation {unknown}
 r - 2 potions of agility {unknown}
 D - a potion of resistance {unknown}
 G - a potion of flight {unknown}
 P - a potion of degeneration {unknown}
Books
 y - a book of Death

   Spells                             Type                      Level
   a - Corpse Rot                     Necromancy                   2
   b - Sublimation of Blood           Necromancy                   2
   c - Agony                          Necromancy                   5
   d - Dispel Undead                  Necromancy                   5
   e - Excruciating Wounds            Charms/Necromancy            5
   f - Bolt of Draining               Conjuration/Necromancy       5
   Trog disapproves of the use of such an item.
 A - Sif Muna's Incunabulum of Transmutation
   (You found it on level 4 of the Dungeon)

   Spells                             Type                      Level
   a - Beastly Appendage              Transmutation                1
   Trog disapproves of the use of such an item.
 E - Kikubaaqudgha's Guide on Black Rites
   (You found it on level 4 of the Dungeon)

   Spells                             Type                      Level
   a - Animate Skeleton               Necromancy                   1
   Trog disapproves of the use of such an item.
 F - Vehumet's Catalogue of Attacks
   (You found it on level 4 of the Dungeon)

   Spells                             Type                      Level
   a - Magic Dart                     Conjuration                  1
   Trog disapproves of the use of such an item.
 N - a book of Envenomations

   Spells                             Type                      Level
   a - Spider Form                    Transmutation/Poison         3
   b - Alistair's Intoxication        Transmutation/Poison         4
   c - Olgreb's Toxic Radiance        Poison                       4
   d - Poisonous Cloud                Conjuration/Poison/Air       6
   Trog disapproves of the use of such an item.
 U - a Necronomicon

   Spells                             Type                      Level
   a - Haunt                          Necromancy/Summoning         7
   b - Borgnjor's Revivification      Necromancy                   8
   c - Death's Door                   Charms/Necromancy            8
   d - Necromutation                  Transmutation/Necromancy     8
   Trog disapproves of the use of such an item.
Comestibles
 c - 7 bread rations
 l - 2 meat rations
 n - 4 fruits
 L - a royal jelly
 T - a slice of pizza


   Skills:
 + Level 5.9 Fighting
 * Level 7.7 Maces & Flails
 + Level 5.3 Armour
 - Level 2.1 Dodging


You had 6 spell levels left.
You didn't know any spells.

Dungeon Overview and Level Annotations

Branches:
Dungeon (6/15)             Temple (0/1) D:5

Altars:
Dithmenos
Kikubaaqudgha
Sif Muna
Vehumet
Xom
Yredelemnul

Shops:
D:4 ?

Annotations:
D:6 zigs's ghost, novice HaHu


Innate Abilities, Weirdness & Mutations

You reflexively headbutt those who attack you in melee.
You have a pair of horns on your head.


Message History

You headbutt zigs's ghost, but do no damage.
Zigs's ghost is heavily damaged.
Zigs's ghost hits you.
* * * LOW HITPOINT WARNING * * *
Zigs's ghost freezes you.
* * * LOW HITPOINT WARNING * * *
Zigs's ghost says, "I was once a great warrior, and I still am!"
You hear the brisk rusting of a very distant drain.
Zigs's ghost barely misses you. You furiously retaliate!
You headbutt zigs's ghost, but do no damage.
You closely miss zigs's ghost.
Zigs's ghost is heavily damaged.
Zigs's ghost wails, "I have seen your future, and it is all used up."
Zigs's ghost barely misses you.
You closely miss zigs's ghost. Your headbutt misses zigs's ghost.
Zigs's ghost is heavily damaged.
Zigs's ghost hits you!
* * * LOW HITPOINT WARNING * * *
Zigs's ghost freezes you.
You die...

############
##########...........
#..W@......##########
#.########.# ###### #.#
#.# .....# #.# #.#
####.#### #.# ##.##
........# #.#######...#
...#.##.#####.#.........#
##.#..........#.###.#...#
#.####.........#
#.....####


You could see zigs's ghost.

Vanquished Creatures
  An orc warrior (D:6)
  A centaur (D:6)
  3 crimson imps
  A jelly (D:5)
  2 orc priests
  A giant frog skeleton (D:5)
  3 worker ants (D:5)
  2 orc wizards
  8 adders
  2 worms
  8 orcs
  4 giant cockroaches
  6 hobgoblins
  4 jackals (D:3)
  4 quokkas (D:3)
  2 ball pythons
  A bat (D:2)
  5 giant geckos
  A giant newt (D:5)
  14 goblins
  A jackal zombie (D:5)
  5 kobolds
  A quokka skeleton (D:5)
  10 rats
90 creatures vanquished.

Notes
Turn   | Place    | Note
--------------------------------------------------------------
     0 | D:1      | Moresty the Minotaur Berserker began the quest for the Orb.
     0 | D:1      | Reached XP level 1. HP: 19/19 MP: 0/0
   196 | D:1      | Reached XP level 2. HP: 25/27 MP: 1/1
   311 | D:1      | Reached skill level 4 in Maces & Flails
   633 | D:2      | Reached XP level 3. HP: 33/33 MP: 2/2
   647 | D:2      | Reached ** piety under Trog
   686 | D:2      | Found a shimmering altar of Xom.
   997 | D:3      | Reached XP level 4. HP: 35/40 MP: 3/3
  1003 | D:3      | Reached skill level 5 in Maces & Flails
  1032 | D:3      | Found a shadowy altar of Dithmenos.
  1032 | D:3      | Found a basalt altar of Yredelemnul.
  1195 | D:3      | Found a faded altar to an unknown god.
  1423 | D:3      | Reached XP level 5. HP: 41/47 MP: 4/4
  1451 | D:3      | Reached *** piety under Trog
  2177 | D:4      | Reached skill level 6 in Maces & Flails
  2253 | D:4      | Found an ancient bone altar of Kikubaaqudgha.
  2255 | D:4      | Found a deep blue altar of Sif Muna.
  2255 | D:4      | Found a radiant altar of Vehumet.
  2260 | D:4      | Identified Kikubaaqudgha's Guide on Black Rites
  2267 | D:4      | Identified Sif Muna's Incunabulum of Transmutation
  2276 | D:4      | Identified Vehumet's Catalogue of Attacks
  2383 | D:4      | Found Geusiug's Magic Scroll Emporium.
  2386 | D:4      | Bought a scroll of remove curse for 33 gold pieces
  2660 | D:5      | Entered Level 5 of the Dungeon
  2670 | D:5      | Reached skill level 5 in Fighting
  2670 | D:5      | Reached XP level 6. HP: 38/56 MP: 5/5
  2694 | D:5      | Found a staircase to the Ecumenical Temple.
  3122 | D:5      | Reached skill level 7 in Maces & Flails
  3122 | D:5      | Reached skill level 5 in Armour
  3241 | D:6      | Reached XP level 7. HP: 19/61 MP: 6/6
  3440 | D:6      | Noticed zigs's ghost (novice HaHu)
  3638 | D:6      | HP: 3/62 [zigs's ghost (2)]
  3641 | D:6      | HP: 1/62 [zigs's ghost (1)]
  3687 | D:6      | HP: 1/62 [zigs's ghost (10)]
  3687 | D:6      | Slain by zigs's ghost

Action                   |  1- 3 |  4- 6 |  7- 9 || total
-------------------------+-------+-------+-------++-------
Melee: Mace              |    51 |   175 |    54 ||   280
Invok: Trog's Hand       |       |       |     1 ||     1
  Use: Scroll            |       |     2 |       ||     2
       Potion            |       |     1 |     3 ||     4
  Eat: Chunk             |       |     7 |     1 ||     8
